 Dungeon Crawl Stone Soup version 0.28-a0-1286-g6bde065e89 (webtiles) character file.

Game seed: 4843236407138185338

104 Zonian the Gusty (level 4, -2/24 HPs)
             Began as a Tengu Air Elementalist on Dec 27, 2021.
             Was a Believer of Jiyva.
             Slain by Grinder (9 damage)
             ... on level 3 of the Dungeon.
             The game lasted 00:04:32 (3155 turns).

Zonian the Gusty (Tengu Air Elementalist)           Turns: 3155, Time: 00:04:32

Health: -2/24      AC:  2    Str:  8    XL:     4   Next: 80%
Magic:  2/8        EV: 13    Int: 17    God:    Jiyva [**....]
Gold:   42         SH:  0    Dex: 15    Spells: 5/8 levels left

rFire   . . .      SeeInvis .   (no weapon)
rCold   . . .      Faith    .   (no shield)
rNeg    . . .      Spirit   .   a - +0 robe
rPois   .          Reflect  .   (helmet restricted)
rElec   .          Harm     .   (no cloak)
rCorr   +          Rampage  .   (no gloves)
Will    .....                   (boots unavailable)
Stlth   ++........              (no amulet)
HPRegen 1.04/turn               (no ring)
MPRegen 0.41/turn               (no ring)

@: no status effects
A: beak, talons 3
a: Renounce Religion


You were on level 3 of the Dungeon.
You worshipped Jiyva.
Jiyva was pleased with you.
You visited 1 branch of the dungeon, and saw 3 of its levels.

You collected 42 gold pieces.

Inventory:

Hand Weapons
 d - a +0 dagger
 e - a +0 hunting sling
Missiles
 b - 16 sling bullets
 f - 96 stones
Armour
 a - a +0 robe (worn)
Scrolls
 g - a scroll of blinking {unknown}
 h - a scroll of fear {unknown}
Potions
 c - a potion of ambrosia {unknown}
 i - a potion of flight {unknown}
 j - a potion of degeneration {unknown}


   Skills:
 + Level 3.1 Dodging
 + Level 2.9 Stealth
 + Level 2.6 Spellcasting
 + Level 2.7 Conjurations
 + Level 4.7 Air Magic


You had 5 spell levels left.
You knew the following spells:

 Your Spells              Type           Power      Damage    Failure   Level
a - Shock                 Conj/Air       60%        1d6       4%          1
b - Static Discharge      Conj/Air       15%        N/A       6%          2

Your spell library contained the following spells:

 Spells                   Type           Power      Damage    Failure   Level
 Swiftness                Air            18%        N/A       8%          3
 Airstrike                Air            9%         N/A       26%         4


Dungeon Overview and Level Annotations

Branches:
Dungeon (3/15)

Altars:
Jiyva

Annotations:
D:3 Grinder


Innate Abilities, Weirdness & Mutations

You have a beak for a mouth.
You have claws for feet.


Message History

Unknown command.
Grinder gestures at you. Pain shoots through your body!
Grinder blinks!
Grinder gestures at you. You resist with significant effort.
Okay, then.
Casting: Static Discharge (safe; 6% risk of failure)
Confirm with . or Enter, or press ? or * to list all spells.
Aiming: Shock (safe; 4% risk of failure)
Press: ? - help, Shift-Dir - straight line, f - Grinder
Aim: Grinder (fast, 68% to hit)
The zap hits Grinder.
Grinder is lightly wounded.
Unknown command.
Casting: Shock (safe; 4% risk of failure)
Confirm with . or Enter, or press ? or * to list all spells.
Grinder is struck by an arc of lightning!
Grinder is moderately wounded.
You are struck by an arc of lightning.
The lightning grounds out.
Grinder says, "FISH!"
Grinder misses you. Grinder hits you.
You writhe in agony.
Casting: Static Discharge (safe; 6% risk of failure)
Confirm with . or Enter, or press ? or * to list all spells.
Grinder is struck by an arc of lightning.
Grinder is heavily wounded.
You are struck by an arc of lightning.
The lightning grounds out.
Grinder closely misses you.
Unknown command.
Casting: Static Discharge (safe; 6% risk of failure)
Confirm with . or Enter, or press ? or * to list all spells.
Grinder is struck by an arc of lightning!
Grinder is severely wounded.
You are struck by an arc of lightning.
Grinder is struck by an arc of lightning.
Grinder is severely wounded.
The lightning grounds out.
Grinder hits you.
You writhe in agony.
* * * LOW HITPOINT WARNING * * *
Grinder hits you!
You die...

#.##.........#>....
#.#####.#..........
#.# ###.#.......#
#.###..ยง........#
#####.......###.J...#
#...(....##.# #..##.##
#####.#####.###.#....#
#...####.##5.#....#.
#..........@<.......
#...###.....##....##
##### ####### ....#
####


You could see Grinder (fast) and a neutral jelly (wandering) (fellow slime).

Vanquished Creatures
  Natasha (D:2)
  3 adders
  A dart slug (D:1)
  2 orcs (D:3)
  6 ball pythons
  An endoplasm (D:1)
  2 giant cockroaches (D:1)
  8 goblins
  A hobgoblin (D:1)
  2 jackals (D:1)
  4 kobolds
  4 quokkas
  4 bats
  4 frilled lizards
  A rat (D:1)
44 creatures vanquished.

Vanquished Creatures (others)
  2 jellies
  Terence (D:3)
  Natasha (twice) (D:2)
  An adder (D:2)
  3 orcs (D:3)
  A giant cockroach (D:3)
  A bat (D:2)
11 creatures vanquished.

Grand Total: 55 creatures vanquished

Notes
Turn   | Place    | Note
-------+----------+-------------------------------------------
     0 | D:1      | Zonian the Tengu Air Elementalist began the quest for the
                  | Orb.
     0 | D:1      | Reached XP level 1. HP: 10/10 MP: 4/4
   303 | D:1      | Reached XP level 2. HP: 15/15 MP: 3/6
   412 | D:1      | You fall into a shaft and drop 1 floor!
  1144 | D:1      | Learned a level 2 spell: Static Discharge
  1276 | D:1      | Reached XP level 3. HP: 19/19 MP: 1/7
  1890 | D:1      | Found a faded altar of an unknown god.
  2059 | D:1      | Prayed at the altar of an unknown god.
  2059 | D:1      | Became a worshipper of Jiyva Jusurch the Shapeless
  2059 | D:1      | Reached * piety under Jiyva
  2301 | D:2      | Reached XP level 4. HP: 14/24 MP: 3/8
  2506 | D:2      | Reached ** piety under Jiyva
  2519 | D:2      | Noticed Natasha
  2530 | D:2      | Killed Natasha
  2788 | D:2      | Killed Natasha
  2833 | D:2      | Killed Natasha
  2925 | D:3      | Noticed Grinder
  3099 | D:3      | Killed Terence
  3123 | D:3      | Paralysed by Grinder for 4 turns
  3155 | D:3      | Slain by Grinder

Illustrated notes

Levels and vault maps discovered:
D:1:      doesnt_arrival_eight_statues, layout_loops_cross,
          hellmonk_ecumenical_altar_inner_sanctum, hangedman_decor_peaks_small
D:2:      layout_basic, kennysheep_generic_room_16, uniq_natasha
D:3:      layout_rooms, zin_purify, uniq_grinder, uniq_terence

Skill      XL: |  1  2  3  4 |
---------------+-------------+-----
Conjurations   | 2 |  2.7
Dodging        | 3 |  3.1
Stealth        | |  2.9
Spellcasting   | |  2.6
Air Magic      | |  4.7

Action                   |  1- 3 |  4- 6 || total
-------------------------+-------+-------++-------
Melee: Unarmed           |     9 |     8 ||    17
       Kick              |     2 |     1 ||     3
       Peck              |       |     2 ||     2
 Cast: Shock             |    80 |    25 ||   105
       Static Discharge  |     1 |     3 ||     4
Armor: Robe              |     3 |       ||     3
Dodge: Dodged            |    22 |     5 ||    27

Table legend: (Time is in decaauts)
 A = Elapsed time spent in this place.
 B = Non-inter-level travel time spent in this place.
 C = Inter-level travel time spent in this place.
 D = Time resting spent in this place.
 E = Time spent auto-exploring this place.
 F = Levels seen in this place.
 G = Mean time per level.
                   A        B        C        D        E       F      G
               +--------+--------+--------+--------+--------+-----+--------+
         Total |   3163 |   3033 |    130 |   1137 |   1514 |   3 | 1054.3 |
       Dungeon |   3163 |   3033 |    130 |   1137 |   1514 |   3 | 1054.3 |
               +--------+--------+--------+--------+--------+-----+--------+

Top non-repeatable levels by time:
     D:1: 1857 daAuts
     D:2: 1188 daAuts
     D:3: 117 daAuts
